cohdb
Replays
Latest Replays
All Replays
Popular Replays
Top Player Replays
Match Explorer
How It Works
Community
CoH3 Stats
Reddit
Sign in to upload your games and track your stats! →
Sign in with Steam
Match 40712364
Unlisted
Match 40712364
Overview
Messages
Build Orders
End
Construct Infanterie Kompanie
Kettenkrad Recon Vehicle
Grenadier Squad
MG 42 Machine Gun Team
Grenadier Squad
Medical Station
Selects Breakthrough Battlegroup
MG 42 Machine Gun Team
GrW 34 Mortar Team
Construct Luftwaffe Kompanie
Selects Assault Grenadiers
Selects Rapid Production
Jäger Squad
Support Elements
Selects Breakthrough
Breakthrough
Wirbelwind Flakpanzer
Pioneer Squad
Selects Incendiary Bombing Run
Jäger Squad
Grenadier Squad
Selects Incendiary Bombing Run
Incendiary Bombing Run
Incendiary Bombing Run
Construct Panzer Kompanie
Selects Blitzkrieg
Breakthrough
Incendiary Bombing Run
Pioneer Squad
Sturmpanzer IV Brummbär
Stoßtruppen Squad
Incendiary Bombing Run
Pioneer Squad
Panzer IV Medium Tank
Side Skirts
Breakthrough
Incendiary Bombing Run
Riceballz
Lox
STALKER4732
SoyaLors
0
0
Comments
sign in to comment!
No comments posted yet!